[Event "Titled Tuesday Blitz October 11 Early 2022"]
[White "Ovezdurdyyeva, Jemal"]
[Black "Shandrygin, Nikita"]
[WhiteFideId "14001888"]
[BlackFideId "24198668"]
[WhiteElo "1961"]
[BlackElo "2323"]
[Result "0-1"]
[Round "09"]
[TimeControl "180+1"]
[Date "2022.10.12"]
[WhiteClock "0:00:01"]
[BlackClock "0:00:09"]

1. e4 c5 2. Nf3 e6 3. c3 Nf6 4. Bd3 d5 5. exd5 Nxd5 6. Bc2 Nc6 7. O-O Be7 8. d4 cxd4 9. cxd4 O-O 10. Nc3 Ncb4 11. Bb1 Bd7 12. Ne5 Bf6 13. Ng4 Rc8 14. a3 Nxc3 15. bxc3 Nd5 16. c4 Nc3 17. Bxh7+ Kxh7 18. Qd3+ Kg8 19. Qxc3 Bb5 20. Nxf6+ Qxf6 21. Bb2 Bxc4 22. Rfe1 Bd5 23. Qe3 Rc2 24. Re2 Rfc8 25. Rae1 Qg6 26. f3 Rxe2 27. Rxe2 Qb1+ 28. Kf2 Rc2 29. Rxc2 Qxc2+ 30. Qe2 Qb3 31. Qd2 Bc4 32. Kg3 Qb5 33. Qb4 Qg5+ 34. Kf2 Bd5 35. Qc3 Kh7 36. Bc1 Qh4+ 37. Kg1 Qe7 38. Bf4 Qd7 39. Be5 f6 40. Qd3+ Kg8 41. Bg3 Qa4 42. h4 Qe8 43. Qb1 b5 44. Qb4 Qc6 45. Qe7 a5 46. Qd8+ Kh7 47. Qxa5 Qc1+ 48. Kh2 Qb2 49. Qb4 Qe2 50. Qb1+ Kg8 51. Qe1 Bxf3 52. Qxe2 Bxe2 53. Kg1 Kf7 54. Kf2 Bc4 55. Ke3 Bd5 56. Bd6 Bxg2 57. Bb4 Bd5 58. Kf4 Kg6 59. Be1 Kh5 60. Bf2 Bb3 61. Be1 Bc2 62. Bf2 Kg6 63. Be1 Kf7 64. Bb4 Ke8 65. Bc5 Kd7 66. Ke3 Kc6 67. Kd2 Bh7 68. Ke3 Kd5 69. Bf8 g5 70. hxg5 fxg5 71. Bc5 Be4 72. Kf2 e5 73. Ba7 exd4 74. Kg3 Bf5 75. Kf2 Bd7 76. Ke2 Ke4 77. Kd2 g4 78. Bb8 Kf3 79. Kd3 g3 0-1


[Site "https://www.chess.com"]

[Event "Titled Tuesday Blitz October 11 Early 2022"]
[White "Pakleza, Zbigniew"]
[Black "Terry, Renato"]
[WhiteFideId "1119290"]
[BlackFideId "3803457"]
[WhiteElo "2411"]
[BlackElo "2577"]
[Result "0-1"]
[Round "09"]
[TimeControl "180+1"]
[Date "2022.10.11"]
[WhiteClock "0:00:01"]
[BlackClock "0:00:35"]

1. d4 e6 2. Nf3 Nf6 3. Bf4 b6 4. e3 Bb7 5. h3 Bd6 6. Bxd6 cxd6 7. Be2 d5 8. O-O O-O 9. Nbd2 d6 10. c4 Nc6 11. Rc1 Qd7 12. a3 Rfc8 13. b4 dxc4 14. Nxc4 Ne7 15. Qb3 Rc7 16. Ncd2 Rac8 17. Qb2 Ned5 18. Nb1 Ne4 19. Bd3 Nec3 20. Rc2 Qa4 21. Nxc3 Nxc3 22. Kh2 Bxf3 23. gxf3 Nd5 24. Rfc1 g6 25. Rxc7 Rxc7 26. Rxc7 Nxc7 27. Qc2 Qd7 28. f4 Nd5 29. Be4 Ne7 30. Bf3 Kg7 31. Qc3 d5 32. Be2 Nf5 33. Bd3 Nd6 34. Kg2 h6 35. Kf3 g5 36. fxg5 hxg5 37. Kg2 Ne8 38. b5 Qe7 39. a4 Nf6 40. Qc6 g4 41. Be2 gxh3+ 42. Kxh3 Ne4 43. f3 Nd6 44. Kg2 Nf5 45. Bd3 Qg5+ 46. Kf1 Nxe3+ 47. Kf2 Nd1+ 48. Ke2 Qe3+ 49. Kxd1 Qxd3+ 50. Ke1 Qe3+ 51. Kf1 Qxf3+ 52. Kg1 Qe3+ 53. Kh1 Qe1+ 54. Kh2 Qd2+ 55. Kh1 Qxd4 56. Qc7 Qxa4 57. Qe5+ Kg6 58. Qg3+ Kf5 0-1


[Site "https://www.chess.com"]

[Event "Titled Tuesday Blitz October 11 Early 2022"]
[White "Parpiev, Isaak"]
[Black "Matveeva, Olga"]
[WhiteFideId "34281576"]
[BlackFideId "24107018"]
[WhiteElo "2100"]
[BlackElo "2055"]
[Result "1-0"]
[Round "09"]
[TimeControl "180+1"]
[Date "2022.10.12"]
[WhiteClock "0:00:04"]
[BlackClock "0:00:01"]

1. d4 Nf6 2. c4 e6 3. Nc3 Bb4 4. e3 O-O 5. Bd3 d5 6. cxd5 Nxd5 7. Ne2 c5 8. a3 Bxc3+ 9. bxc3 cxd4 10. cxd4 b6 11. O-O Bb7 12. Ng3 Nd7 13. e4 Ne7 14. Bg5 f6 15. Be3 Rc8 16. Qb3 Kh8 17. Qxe6 Re8 18. Qh3 Nf8 19. Rfd1 Rc3 20. Nh5 Neg6 21. f3 Qe7 22. Ng3 Rxa3 23. Nf5 Qb4 24. Rab1 Rb3 25. Qg3 Rxb1 26. Rxb1 Qc3 27. Bb5 Rc8 28. h4 a6 29. Rc1 Qb4 30. Rxc8 Bxc8 31. Bd3 Bxf5 32. exf5 Ne7 33. Be4 h6 34. Kh2 Qc4 35. Qd6 Nxf5 36. Bxf5 Qf7 37. d5 a5 38. Be6 Qe8 39. Qxb6 a4 40. Qb4 Qd8 41. Bf4 Nxe6 42. dxe6 Qe8 43. e7 h5 44. Bd6 1-0


[Site "https://www.chess.com"]

[Event "Titled Tuesday Blitz October 11 Early 2022"]
[White "Petesch, Gabriel"]
[Black "Sovetbekova, Nurai"]
[WhiteFideId "2032465"]
[BlackFideId "13801910"]
[WhiteElo "2374"]
[BlackElo "1925"]
[Result "1-0"]
[Round "09"]
[TimeControl "180+1"]
[Date "2022.10.12"]
[WhiteClock "0:00:10"]
[BlackClock "0:00:01"]

1. e3 Nf6 2. Nf3 g6 3. b3 Bg7 4. Bb2 O-O 5. Be2 c5 6. h3 d5 7. d3 Nc6 8. Ne5 Qd6 9. Nxc6 bxc6 10. Ba3 e5 11. Nd2 Re8 12. Rc1 Ba6 13. O-O Nd7 14. c4 Rac8 15. Qc2 Qe6 16. Nb1 f5 17. Nc3 d4 18. Na4 dxe3 19. fxe3 Bh6 20. Qd2 Qd6 21. Rce1 e4 22. d4 Qg3 23. Bd1 cxd4 24. Qxd4 Ne5 25. Bd6 Rcd8 26. Bxe5 Qxe5 27. Qxe5 Rxe5 28. Rf2 Rd3 29. Rfe2 c5 30. Bc2 Rd7 31. Nc3 Bg7 32. Nd5 Bb7 33. Nc3 Re6 34. Na4 Bf8 35. Rd1 Be7 36. Rxd7 1-0


[Site "https://www.chess.com"]

[Event "Titled Tuesday Blitz October 11 Early 2022"]
[White "Pinheiro, Iung Alicio de O."]
[Black "Dilmukhametov, Artur"]
[WhiteFideId "2104350"]
[BlackFideId "24179922"]
[WhiteElo "2283"]
[BlackElo "2197"]
[Result "1-0"]
[Round "09"]
[TimeControl "180+1"]
[Date "2022.10.12"]
[WhiteClock "0:00:25"]
[BlackClock "0:00:26"]

1. e4 e6 2. d4 d5 3. e5 c5 4. c3 Qb6 5. Nf3 Nc6 6. Bd3 Bd7 7. O-O cxd4 8. Re1 dxc3 9. Nxc3 Be7 10. Be3 Qc7 11. Nb5 Qd8 12. Rc1 a6 13. Nd6+ Bxd6 14. exd6 Nf6 15. Nd4 e5 16. Nxc6 Bxc6 17. Bd4 e4 18. f3 O-O 19. fxe4 dxe4 20. Bxf6 Qxf6 21. Bxe4 Bxe4 22. Rxe4 Rfd8 23. Rd4 Rd7 24. Rc7 Rad8 25. Rxd7 Rxd7 26. h3 h6 27. Qd2 Qe5 28. Rd5 Qf6 29. b4 b5 30. Kh2 Kf8 31. a3 g5 32. Qd3 Qf4+ 33. Kh1 Qc1+ 34. Kh2 Qf4+ 35. Kg1 Qc1+ 36. Kf2 Qf4+ 37. Ke2 Kg7 38. Rd4 Qe5+ 39. Kf2 Qf6+ 40. Kg1 Qe5 41. Qd2 Qe6 42. Rd5 Qe4 43. Qb2+ Kf8 44. Qh8# 1-0


[Site "https://www.chess.com"]

[Event "Titled Tuesday Blitz October 11 Early 2022"]
[White "Przybylski, Wojciech"]
[Black "Aloma Vidal, Robert"]
[WhiteFideId "1117599"]
[BlackFideId "2260409"]
[WhiteElo "2221"]
[BlackElo "2435"]
[Result "0-1"]
[Round "09"]
[TimeControl "180+1"]
[Date "2022.10.12"]
[WhiteClock "0:00:06"]
[BlackClock "0:00:32"]

1. e4 e5 2. Nf3 Nf6 3. Nc3 Nc6 4. Bb5 Nd4 5. Bc4 Bc5 6. d3 d6 7. h3 a6 8. a4 h6 9. O-O O-O 10. a5 Nh7 11. Nxd4 Bxd4 12. Ne2 Ba7 13. Be3 Bxe3 14. fxe3 c6 15. d4 d5 16. exd5 cxd5 17. Bb3 Re8 18. e4 Nf6 19. exd5 Nxd5 20. dxe5 Be6 21. Qd4 Ne7 22. Bxe6 fxe6 23. c4 Nc6 24. Qf4 Qe7 25. Qe3 Qb4 26. b3 Nxa5 27. Nd4 Qc5 28. Rf3 Rad8 29. Nc2 Nxb3 30. Rb1 Qxe3+ 31. Rxe3 Nc5 32. Rb6 Rd2 33. Ne1 Rd1 34. Kh2 Red8 35. Nf3 R8d3 36. Rxd3 Rxd3 37. Kg3 Kf7 38. Kf2 Ke7 39. Rb4 Ra3 40. g4 Nd3+ 0-1


[Site "https://www.chess.com"]

[Event "Titled Tuesday Blitz October 11 Early 2022"]
[White "Rodriguez Santiago, Jaime"]
[Black "Reprintsev, Alexander"]
[WhiteFideId "3100898"]
[BlackFideId "14100541"]
[WhiteElo "2025"]
[BlackElo "2230"]
[Result "0-1"]
[Round "09"]
[TimeControl "180+1"]
[Date "2022.10.12"]
[WhiteClock "0:01:07"]
[BlackClock "0:00:40"]

1. c4 e5 2. Nc3 Nc6 3. g3 Bc5 4. Bg2 Nf6 5. Nf3 d6 6. O-O Bg4 7. h3 Bxf3 8. Bxf3 Qd7 9. Bg2 a6 10. e3 h5 11. a3 h4 12. g4 Ba7 13. b4 Rb8 14. Bb2 Ne7 15. d4 exd4 16. exd4 O-O 17. Re1 Rfe8 18. g5 Nh7 19. f4 Nf5 20. c5 Rxe1+ 21. Qxe1 Re8 22. Qd2 Ne3 23. Bxb7 Qxh3 24. Bg2 Nxg2 25. Qxg2 Qe3+ 26. Kh1 h3 27. Qg1 Qf3+ 28. Kh2 Qxf4+ 29. Kh1 dxc5 30. dxc5 Qf3+ 31. Kh2 c6 32. Rf1 Bb8+ 0-1


[Site "https://www.chess.com"]

[Event "Titled Tuesday Blitz October 11 Early 2022"]
[White "Rose, Felix"]
[Black "Osiecki, Stanislaw"]
[WhiteFideId "5105722"]
[BlackFideId "1102990"]
[WhiteElo "2039"]
[BlackElo "2088"]
[Result "1-0"]
[Round "09"]
[TimeControl "180+1"]
[Date "2022.10.12"]
[WhiteClock "0:00:07"]
[BlackClock "0:00:01"]

1. e4 e6 2. d4 d5 3. Nc3 Bb4 4. e5 c5 5. a3 Bxc3+ 6. bxc3 Qc7 7. Qg4 f5 8. Qg3 cxd4 9. cxd4 Ne7 10. c3 O-O 11. Ne2 b6 12. Nf4 Qd7 13. h4 Ba6 14. Bxa6 Nxa6 15. h5 h6 16. a4 Rac8 17. Ba3 Rf7 18. O-O Nc6 19. Qg6 Nd8 20. Rfc1 Rc4 21. a5 bxa5 22. Bd6 a4 23. Rab1 Rc6 24. Ra1 Rb6 25. Ra3 Nc7 26. Bxc7 Qxc7 27. Rxa4 Re7 28. Rca1 Qxc3 29. Rxa7 Rxa7 30. Rxa7 Qc1+ 31. Kh2 Qxf4+ 32. Kh3 Qg4+ 33. Kh2 Qxg6 34. hxg6 Kf8 35. Ra8 Ke8 36. Ra7 Rb7 37. Ra8 Ke7 38. Rc8 Rb4 39. Rc7+ Kf8 40. Rd7 Nc6 41. Rd6 Nxd4 42. Rd8+ Ke7 43. Rg8 Nc6 44. Rxg7+ Kf8 45. Rc7 Nxe5 46. g7+ Kg8 47. f4 Ng6 48. g3 Rb2+ 49. Kh3 Rb8 50. g4 fxg4+ 51. Kxg4 Re8 52. f5 exf5+ 53. Kxf5 Ne7+ 54. Kf6 1-0


[Site "https://www.chess.com"]

[Event "Titled Tuesday Blitz October 11 Early 2022"]
[White "Rosen, Eric"]
[Black "Shipov, Sergei"]
[WhiteFideId "2032562"]
[BlackFideId "4113624"]
[WhiteElo "2362"]
[BlackElo "2784"]
[Result "0-1"]
[Round "09"]
[TimeControl "180+1"]
[Date "2022.10.11"]
[WhiteClock "0:00:02"]
[BlackClock "0:00:56"]

1. d4 Nf6 2. Bf4 d5 3. e3 c5 4. Nf3 Nc6 5. Nbd2 e6 6. c3 Nh5 7. Bg5 f6 8. Bh4 g6 9. Be2 cxd4 10. cxd4 Be7 11. O-O O-O 12. Rc1 Bd7 13. a3 a5 14. Nb1 g5 15. Ne1 Ng7 16. Bg3 Nf5 17. Nc3 Nxg3 18. hxg3 Be8 19. Bh5 Bg6 20. Bxg6 hxg6 21. f4 gxf4 22. gxf4 Kg7 23. Qg4 f5 24. Qf3 Rh8 25. Nd3 Qb6 26. Na4 Qb5 27. Nac5 Kf7 28. Nd7 Bd6 29. Rxc6 bxc6 30. N7e5+ Kg7 31. Rc1 Rac8 32. Qg3 Rh6 33. Qg5 Qb7 34. b4 axb4 35. axb4 Be7 36. Qg3 Rch8 37. Kf2 Bh4 38. Nc5 Bxg3+ 39. Kxg3 Qe7 40. Kf3 Rh1 41. Nxc6 Qh4 42. Rxh1 Qxh1 43. Nxe6+ Kf6 44. Nc7 Qf1+ 45. Kg3 Qe2 46. Nxd5+ Ke6 47. Nce7 Rd8 48. b5 Rxd5 49. Nxd5 Kxd5 50. b6 Qxe3+ 51. Kh2 Qxf4+ 52. g3 Qb8 53. Kg2 Qxb6 54. Kh3 Qxd4 55. Kg2 Qg4 56. Kh2 f4 0-1


[Site "https://www.chess.com"]

[Event "Titled Tuesday Blitz October 11 Early 2022"]
[White "Rosenberg, Evan S"]
[Black "Mrudul Dehankar"]
[WhiteFideId "2019299"]
[BlackFideId "25096990"]
[WhiteElo "2420"]
[BlackElo "2068"]
[Result "0-1"]
[Round "09"]
[TimeControl "180+1"]
[Date "2022.10.12"]
[WhiteClock "0:00:12"]
[BlackClock "0:00:08"]

1. Nf3 Nf6 2. c4 e6 3. Nc3 b6 4. g3 Bb7 5. Bg2 Bb4 6. O-O Bxc3 7. bxc3 O-O 8. Rb1 d6 9. a4 a5 10. Ba3 Nbd7 11. d3 Re8 12. e4 e5 13. Nh4 Nc5 14. Nf5 Qd7 15. Bxc5 dxc5 16. Bh3 Kh8 17. g4 Rad8 18. g5 Qxd3 19. Qxd3 Rxd3 20. gxf6 Rxh3 21. fxg7+ Kg8 22. f3 Bc8 23. Rbd1 Bxf5 24. exf5 Kxg7 25. Kg2 Rh5 26. Rd7 Rxf5 27. Rxc7 Re6 28. Kf2 e4 29. Rg1+ Rg6 30. Rxg6+ hxg6 31. Ke3 exf3 32. Kf2 Rf6 33. Rd7 g5 34. h3 Kg6 35. Rd3 Kh5 36. Rd8 Kg6 37. Rh8 Rf4 38. Rb8 Rxc4 39. Rxb6+ f6 40. Rb5 Rxc3 41. Rxa5 Kf5 42. Ra8 Kf4 43. a5 Rc2+ 44. Kf1 Kg3 45. Re8 Rc1+ 46. Re1 Rxe1+ 47. Kxe1 Kg2 48. a6 f2+ 49. Kd2 f1=Q 50. a7 Qa1 51. Kc2 Qxa7 52. h4 gxh4 53. Kb2 h3 54. Kb1 h2 55. Kb2 h1=Q 56. Kc2 Qa2+ 57. Kd3 Qhb1+ 58. Ke3 Qbb3+ 59. Kf4 Qf2+ 60. Kg4 Qbg3+ 61. Kh5 Qg5# 0-1


[Site "https://www.chess.com"]

[Event "Titled Tuesday Blitz October 11 Early 2022"]
[White "Rosh Jain"]
[Black "Krzywda, Andrzej"]
[WhiteFideId "25789465"]
[BlackFideId "1114565"]
[WhiteElo "2233"]
[BlackElo "2149"]
[Result "0-1"]
[Round "09"]
[TimeControl "180+1"]
[Date "2022.10.12"]
[WhiteClock "0:00:01"]
[BlackClock "0:00:20"]

1. e4 c5 2. Nf3 d6 3. d4 cxd4 4. Nxd4 Nf6 5. Nc3 a6 6. Bc4 e6 7. Bb3 Nbd7 8. O-O Nc5 9. Bg5 Be7 10. f4 Qc7 11. Kh1 b5 12. a3 Bb7 13. Qe2 Nxb3 14. Nxb3 h6 15. Bh4 O-O 16. e5 dxe5 17. fxe5 Nd5 18. Bxe7 Nxe7 19. Rad1 Rad8 20. Qe3 Nf5 21. Qf4 Qc6 22. Rd2 Rxd2 23. Qxd2 Nh4 24. Rf2 Ba8 25. Nd4 Qc4 26. h3 Ng6 27. Qe3 Rd8 28. Nce2 Qd5 29. c3 Qxe5 30. Qd3 Be4 31. Qd2 Qh5 32. Qe3 Bb7 33. Qg3 Qd5 34. Nf4 Nxf4 35. Rxf4 e5 0-1


[Site "https://www.chess.com"]

[Event "Titled Tuesday Blitz October 11 Early 2022"]
[White "Rustemov, Alexander"]
[Black "Bortnyk, Olexandr"]
[WhiteFideId "4119002"]
[BlackFideId "14120828"]
[WhiteElo "2846"]
[BlackElo "2723"]
[Result "1-0"]
[Round "09"]
[TimeControl "180+1"]
[Date "2022.10.11"]
[WhiteClock "0:00:29"]
[BlackClock "0:00:02"]

1. d4 d6 2. Nf3 Nf6 3. c4 g6 4. g3 Bg7 5. Bg2 O-O 6. O-O Bf5 7. Qb3 Nc6 8. Qxb7 Be4 9. Qb3 Rb8 10. Qd1 Nb4 11. Nc3 Ba8 12. a3 Na6 13. b4 c5 14. dxc5 Ne4 15. Nxe4 Bxa1 16. Bh6 Bg7 17. Bxg7 Kxg7 18. cxd6 Bxe4 19. Qd4+ f6 20. Qxe4 Qxd6 21. c5 Qd7 22. Nd4 e5 23. Qc6 Nxc5 24. Qxd7+ Nxd7 25. Ne6+ Kf7 26. Nxf8 Nxf8 27. Rc1 Ke6 28. Rc6+ Ke7 29. Ra6 Ne6 30. Rxa7+ Kd6 31. Rxh7 Nd4 32. e3 Nb5 33. Rb7 Rxb7 34. Bxb7 Nxa3 35. Be4 f5 36. Bd3 e4 37. Be2 Nc2 38. b5 Kc5 39. h4 Nb4 40. Kg2 Nd5 41. Kf1 Nc3 42. Ke1 Nxb5 43. Bxb5 Kxb5 44. f3 Kc4 45. fxe4 fxe4 46. g4 Kd5 47. Kf2 Ke6 48. Kg3 Ke5 49. g5 Kf5 50. Kh3 Ke6 51. Kg4 1-0


[Site "https://www.chess.com"]

[Event "Titled Tuesday Blitz October 11 Early 2022"]
[White "Sadubayev, Airat"]
[Black "Aldokhin, Ivan"]
[WhiteFideId "13713264"]
[BlackFideId "24115720"]
[WhiteElo "2685"]
[BlackElo "2581"]
[Result "0-1"]
[Round "09"]
[TimeControl "180+1"]
[Date "2022.10.12"]
[WhiteClock "0:00:01"]
[BlackClock "0:00:03"]

1. d4 Nf6 2. c4 g6 3. Nc3 Bg7 4. e4 d6 5. f3 O-O 6. Be3 c6 7. Qd2 d5 8. e5 Nfd7 9. cxd5 cxd5 10. Nxd5 Nc6 11. Nc3 Nb6 12. f4 Nb4 13. Rd1 Bf5 14. Nf3 Nc2+ 15. Kf2 Nd5 16. Nxd5 Qxd5 17. b3 Rac8 18. Bc4 Qd7 19. Rc1 b5 20. Bd3 Bxd3 21. Qxd3 Nb4 22. Qd2 Nd5 23. Rxc8 Rxc8 24. Rc1 Bh6 25. g3 Rxc1 26. Qxc1 Qf5 27. Bd2 Bf8 28. Qc5 e6 29. Qxb5 Qc2 30. a4 Bb4 31. Qc4 Qb2 32. Qe2 Bxd2 33. Nxd2 Qxd4+ 34. Kf3 Qc3+ 35. Kf2 a5 36. h4 h5 37. Kg2 Ne3+ 38. Kg1 Nf5 39. Kh2 Qxg3+ 40. Kh1 Qxh4+ 41. Kg1 Qg3+ 42. Kh1 Qxf4 43. Qg2 Ng3+ 44. Kg1 Nf5 45. Qf2 Qxe5 46. Nc4 Qd5 47. Kh2 g5 48. Qb2 g4 49. Qe5 g3+ 50. Kg1 Qd1+ 51. Kg2 Qc2+ 52. Kf3 Qd1+ 53. Kg2 Qg4 54. Qe2 Nh4+ 55. Kf1 Qh3+ 56. Ke1 g2 57. Qe5 Nf3+ 0-1


[Site "https://www.chess.com"]

[Event "Titled Tuesday Blitz October 11 Early 2022"]
[White "Samant Aditya S"]
[Black "Salman, Pavel"]
[WhiteFideId "35080580"]
[BlackFideId "24153753"]
[WhiteElo "2367"]
[BlackElo "2187"]
[Result "1-0"]
[Round "09"]
[TimeControl "180+1"]
[Date "2022.10.12"]
[WhiteClock "0:00:28"]
[BlackClock "0:00:11"]

1. e4 c5 2. Nf3 e6 3. d4 cxd4 4. Nxd4 a6 5. c4 Nf6 6. Nc3 Qc7 7. Be2 b6 8. O-O Bb7 9. f3 Be7 10. Be3 d6 11. a4 O-O 12. Qd2 Nbd7 13. a5 Rfb8 14. axb6 Nxb6 15. Rfc1 Qd8 16. b4 d5 17. c5 Nc4 18. Bxc4 dxc4 19. Na4 e5 20. Nf5 Bc8 21. Nb6 Bxf5 22. Qxd8+ Bxd8 23. Nxa8 Rxa8 24. exf5 Nd5 25. Bd2 Bf6 26. b5 e4 27. Rxa6 Rxa6 28. bxa6 Bd4+ 29. Kf1 e3 30. a7 Nc7 31. Rxc4 Bxc5 32. Rxc5 exd2 33. a8=Q+ Nxa8 34. Rc8# 1-0


[Site "https://www.chess.com"]

[Event "Titled Tuesday Blitz October 11 Early 2022"]
[White "Samarth, J Rao"]
[Black "Horak, Martin"]
[WhiteFideId "46652370"]
[BlackFideId "367095"]
[WhiteElo "1564"]
[BlackElo "2091"]
[Result "0-1"]
[Round "09"]
[TimeControl "180+1"]
[Date "2022.10.12"]
[WhiteClock "0:00:02"]
[BlackClock "0:00:07"]

1. c4 Nf6 2. Nc3 c5 3. e3 g6 4. d4 cxd4 5. exd4 Bg7 6. Nf3 O-O 7. Be2 d5 8. O-O dxc4 9. Bxc4 Nc6 10. Be3 a6 11. a3 b5 12. Ba2 Bb7 13. Rc1 Rc8 14. d5 Na5 15. Bg5 Nc4 16. Bxc4 Rxc4 17. Bxf6 Bxf6 18. Qd2 Bxc3 19. Rxc3 Rxc3 20. Qxc3 Qxd5 21. Re1 Rc8 22. Qb4 e6 23. h3 Qc5 24. Qg4 Bxf3 25. Qxf3 Rd8 26. Re2 Rd1+ 27. Kh2 Qd6+ 28. g3 Qd5 29. Qxd5 Rxd5 30. Rc2 a5 31. Kg2 a4 32. Kf3 g5 33. Ke4 Kg7 34. f4 gxf4 35. Kxf4 Rd3 36. Rc5 Rb3 37. Rc2 Kf6 38. Re2 Ke7 39. h4 f6 40. g4 h6 41. Rc2 b4 42. axb4 Rxb4+ 43. Kf3 h5 44. gxh5 Rxh4 45. Rc7+ Kd6 46. Ra7 Rxh5 47. Rxa4 Rh3+ 48. Kg4 Rb3 49. Rd4+ Ke5 50. Rd2 f5+ 51. Kg5 Rg3+ 52. Kh4 Rg4+ 53. Kh3 Kf6 54. Re2 e5 55. Kh2 Rb4 56. Kg3 Rb3+ 57. Kf2 e4 58. Rc2 Ke5 59. Rc5+ Kf4 60. Rc2 Rf3+ 61. Ke2 Rh3 62. Kf1 Kg4 63. Rg2+ Kf4 64. Rf2+ Ke5 65. Rc2 Rb3 66. Rc5+ Kf6 67. Rc2 Kg5 68. Kf2 f4 69. Rc5+ Kg4 70. Rc2 Rh3 71. Kg2 f3+ 72. Kg1 e3 73. Rc8 f2+ 74. Kg2 Rg3+ 75. Kf1 Rg1+ 76. Ke2 f1=Q+ 77. Kxe3 Rg3+ 78. Kd4 Qf4+ 79. Kd5 Qf5+ 80. Kd6 Qxc8 81. b4 Rd3+ 82. Ke5 Qe8+ 83. Kf6 Rf3+ 84. Kg7 Rf7+ 85. Kh6 Qe6# 0-1


[Site "https://www.chess.com"]

[Event "Titled Tuesday Blitz October 11 Early 2022"]
[White "Sargsyan, Anna M."]
[Black "Vaibhav Jayant Raut"]
[WhiteFideId "13308130"]
[BlackFideId "5089034"]
[WhiteElo "2284"]
[BlackElo "2147"]
[Result "0-1"]
[Round "09"]
[TimeControl "180+1"]
[Date "2022.10.11"]
[WhiteClock "0:00:10"]
[BlackClock "0:00:42"]

1. d4 Nf6 2. c4 e6 3. Nf3 Bb4+ 4. Bd2 Qe7 5. Nc3 O-O 6. e3 b6 7. Bd3 Bb7 8. Qc2 d6 9. O-O Nbd7 10. Rfe1 Bxc3 11. Bxc3 e5 12. dxe5 dxe5 13. Bf1 a5 14. b3 Rfe8 15. Rad1 Ne4 16. Bb2 Nec5 17. Nd2 Nf6 18. Nb1 Nfe4 19. Na3 Rad8 20. Nb5 Ng5 21. f4 exf4 22. exf4 Qxe1 23. Rxe1 Rxe1 24. Bc3 Be4 25. Qf2 Rb1 26. fxg5 Bd3 27. Be1 Bxf1 28. Kxf1 Nd3 29. Qe3 Rxe1+ 30. Qxe1 Nxe1 31. Kxe1 Rd7 32. Ke2 Kf8 33. Ke3 Ke7 34. Nc3 c6 35. g4 Kd6 36. Ne4+ Ke5 37. Ng3 Rd4 38. h3 Rd1 39. Nf5 g6 40. Ne7 Kd6 41. Ng8 Rh1 42. Nh6 Rxh3+ 43. Ke4 Ke6 44. Ng8 Rh2 45. Nf6 h6 46. Nh7 hxg5 47. Nxg5+ Ke7 48. Nf3 Rxa2 49. Nd4 Kd6 50. Kf4 Rd2 51. Nf3 Rf2 52. Ke3 Rxf3+ 53. Kxf3 Kc5 0-1


[Site "https://www.chess.com"]

[Event "Titled Tuesday Blitz October 11 Early 2022"]
[White "Shuvalov, Evgenij"]
[Black "Carrasco Miranda, Andres"]
[WhiteFideId "4187237"]
[BlackFideId "3405990"]
[WhiteElo "2049"]
[BlackElo "2183"]
[Result "1-0"]
[Round "09"]
[TimeControl "180+1"]
[Date "2022.10.12"]
[WhiteClock "0:00:14"]
[BlackClock "0:00:06"]

1. d4 Nf6 2. c4 g6 3. Nf3 Bg7 4. Nc3 d5 5. cxd5 Nxd5 6. e4 Nxc3 7. bxc3 O-O 8. Rb1 c5 9. Be2 Nc6 10. d5 Ne5 11. Nxe5 Bxe5 12. Qd2 e6 13. c4 Bd7 14. Rxb7 exd5 15. cxd5 Rb8 16. Rxa7 Rb4 17. O-O Bxh2+ 18. Kh1 Bb8 19. Ra3 Qh4+ 20. Rh3 Bxh3 21. Qh6 Rxe4 22. Qxh4 Rxh4 23. gxh3 Rxh3+ 24. Kg2 Rh2+ 25. Kg1 Re8 26. Bb5 Re4 27. Bd7 f5 28. Rd1 Rg4+ 29. Kf1 Rh1+ 30. Ke2 Re4+ 31. Be3 Rxd1 32. Kxd1 f4 33. Bxc5 Kg7 34. Kd2 f3 35. Kd3 Re2 36. a4 h5 37. d6 g5 38. Bc6 g4 39. d7 Bc7 40. Be4 h4 41. Be7 h3 42. Bd6 Bd8 43. Bg3 h2 44. Bxh2 Rxf2 45. Be5+ Kf7 46. Bf5 Re2 47. Bd4 1-0


[Site "https://www.chess.com"]

[Event "Titled Tuesday Blitz October 11 Early 2022"]
[White "Shuvalova, Polina"]
[Black "Timofeev, Artyom"]
[WhiteFideId "24171760"]
[BlackFideId "4140419"]
[WhiteElo "2392"]
[BlackElo "2579"]
[Result "1-0"]
[Round "09"]
[TimeControl "180+1"]
[Date "2022.10.11"]
[WhiteClock "0:01:58"]
[BlackClock "0:02:01"]

1. d4 d5 2. Nf3 Nf6 3. Bf4 e6 4. e3 Bd6 5. Bxd6 Qxd6 6. c4 O-O 7. Nc3 Nc6 8. a3 a6 9. Rc1 Rd8 10. cxd5 exd5 11. Bd3 Ne7 12. Qc2 c6 13. O-O Ng6 14. Rfe1 Bg4 15. Nd2 Be6 16. Na4 Ng4 17. Nf1 Qe7 18. Nc5 Rac8 19. Nxe6 fxe6 20. Bxg6 hxg6 21. Qxg6 Qh4 22. g3 Qh3 23. Qxe6+ Kh8 24. f3 1-0


[Site "https://www.chess.com"]

[Event "Titled Tuesday Blitz October 11 Early 2022"]
[White "Shvedova, Alexandra"]
[Black "Vlassov, Nikolai"]
[WhiteFideId "54154782"]
[BlackFideId "4103360"]
[WhiteElo "2090"]
[BlackElo "2324"]
[Result "1/2-1/2"]
[Round "09"]
[TimeControl "180+1"]
[Date "2022.10.12"]
[WhiteClock "0:00:04"]
[BlackClock "0:00:09"]

1. Nf3 c5 2. e4 d6 3. d4 cxd4 4. Qxd4 Nc6 5. Qe3 Nf6 6. h3 g6 7. Be2 Bg7 8. O-O O-O 9. Rd1 Qc7 10. c4 Nb4 11. Na3 a6 12. Bd2 Nc6 13. Bc3 Bd7 14. Rac1 Rfc8 15. Nc2 Qd8 16. Ncd4 Qf8 17. Nxc6 Bxc6 18. e5 Bh6 19. Ng5 Ne4 20. f4 Bxg5 21. fxg5 Nxc3 22. Qxc3 dxe5 23. Qxe5 e6 24. Rd6 Qg7 25. Qxg7+ Kxg7 26. Rcd1 Kf8 27. c5 Ke7 28. Bc4 Rc7 29. Kf2 Be8 30. b4 a5 31. a3 axb4 32. axb4 Ra4 33. Rb6 Bc6 34. Rd2 Rd7 35. Rc2 Be4 36. Re2 Rd4 37. Rxe4 Rxe4 38. Rxb7+ Kd8 39. Bd3 Rexb4 40. Rxf7 Rf4+ 41. Rxf4 Rxf4+ 42. Ke3 Rb4 43. c6 Kc7 44. Be4 e5 45. Kd3 Kd6 46. Ke3 Rb3+ 47. Ke2 Rc3 48. Kd2 Rc5 49. Kd3 Kc7 50. Ke3 Kb6 51. Kd3 Kb5 52. Ke3 Rc3+ 53. Kd2 Kb4 54. Bd5 Rc5 55. Be4 Kc4 56. Ke3 Kc3 57. Bf3 Kc2 58. Ke4 Kd2 59. c7 Rxc7 60. Kxe5 Rf7 61. Ke6 Rf5 62. h4 Rf4 63. h5 Rf5 64. hxg6 hxg6 65. Be4 Rxg5 66. Kf6 Rg4 67. Bxg6 Rxg2 68. Bf5 Ke3 69. Ke5 Rg5 70. Kf6 Kf4 71. Bc2 Rc5 72. Ba4 Ra5 73. Bb3 Ra6+ 74. Kg7 Kg5 75. Bc4 Ra7+ 76. Kh8 Kg6 77. Bd3+ Kh6 78. Bc4 Rg7 79. Bb3 Rg3 80. Bd5 Rc3 81. Be6 Rc6 82. Bd5 Rd6 83. Bc4 Kg6 84. Bb3 Rd8+ 85. Bg8 Kf6 86. Kh7 Rb8 87. Kh8 Rb4 88. Bh7 Kf7 89. Bg8+ Kg6 90. Bh7+ Kf6 91. Bg8 Rd4 92. Bh7 Rh4 93. Kg8 Rg4+ 94. Kh8 Kf7 95. Bf5 Rf4 96. Bh7 Kf6 97. Bg8 Rh4+ 98. Bh7 Ra4 99. Bg8 Ra1 100. Bh7 Kf7 101. Bg8+ Kg6 102. Bh7+ Kh6 103. Bg8 Ra7 104. Be6 Kg6 105. Bd5 Kf6 106. Bg8 Rg7 107. Bc4 Rg4 108. Bd5 Rh4+ 109. Kg8 Rh5 110. Bc4 Rh6 111. Bb3 Rh3 112. Bc4 Kg6 113. Bf7+ Kf6 114. Bc4 Rc3 115. Bd5 Rc8+ 116. Kh7 Rc5 117. Bb3 Rc3 1/2-1/2


[Site "https://www.chess.com"]

[Event "Titled Tuesday Blitz October 11 Early 2022"]
[White "Silvestre, Christian"]
[Black "Minko, Dmitry"]
[WhiteFideId "30956269"]
[BlackFideId "24188468"]
[WhiteElo "2349"]
[BlackElo "2147"]
[Result "0-1"]
[Round "09"]
[TimeControl "180+1"]
[Date "2022.10.12"]
[WhiteClock "0:01:16"]
[BlackClock "0:00:33"]

1. Nf3 Nf6 2. b3 d6 3. Bb2 e5 4. d3 Nc6 5. Nbd2 Be6 6. c4 Qd7 7. e3 g6 8. Be2 Bg7 9. Ng5 Bg4 10. f3 Be6 11. Nxe6 fxe6 12. O-O O-O 13. Ne4 Rae8 14. d4 exd4 15. exd4 Ne7 16. Nxf6+ Bxf6 17. Bd3 Nf5 18. Bxf5 exf5 19. Qd2 Re7 20. Rfe1 Rfe8 21. Rad1 d5 22. c5 c6 23. b4 Qd8 24. a4 Bg5 25. Qc3 Re2 26. Kf1 Bd2 27. Rxe2 Bxc3 28. Rxe8+ Qxe8 29. Bxc3 Qe3 30. Be1 Qb3 31. Ra1 Qc4+ 32. Kg1 Qxd4+ 33. Kf1 Qxa1 0-1


[Site "https://www.chess.com"]